 Dungeon Crawl Stone Soup version 0.29-a0-378-gc08b2e8bf8 (webtiles) character file.

Game seed: 1205717249571394267

5605 swappor the Fighter (level 10, -2/103 HPs)
             Began as a Minotaur Fighter on May 4, 2022.
             Was a Follower of Trog.
             Slain by a death knight
             ... wielding a +3 battleaxe
              (36 damage)
             ... on level 8 of the Dungeon.
             The game lasted 00:52:03 (10486 turns).

swappor the Fighter (Minotaur Fighter)             Turns: 10486, Time: 00:52:03

Health: -2/103     AC:  9    Str: 25    XL:     10   Next: 45%
Magic:  9/9        EV:  9    Int:  5    God:    Trog [*.....]
Gold:   576        SH:  9    Dex: 10    Spells: 9/9 levels left

rFire   . . .      SeeInvis .   a - +6 flail (protect)
rCold   + . .      Faith    .   c - +0 buckler
rNeg    . . .      Spirit   .   v - +0 scale mail {rC+}
rPois   .          Reflect  +   (helmet restricted)
rElec   .          Harm     .   u - +0 cloak
rCorr   +          Rampage  .   A - +0 pair of gloves
Will    .....                   (no boots)
Stlth   ..........              y - amulet of reflection
HPRegen 0.27/turn               X - ring of resist corrosion
MPRegen 0.11/turn               (no ring)

@: no status effects
A: horns 2, retaliatory headbutt
a: Renounce Religion, Berserk


You were on level 8 of the Dungeon.
You worshipped Trog.
Trog was aware of your devotion.
You visited 2 branches of the dungeon, and saw 9 of its levels.

You collected 576 gold pieces.

Inventory:

Hand Weapons
 a - a +6 flail of protection (weapon)
   (You took it off Edmund on level 4 of the Dungeon)
Missiles
 l - 2 throwing nets {!d}
 s - 31 stones (quivered)
Armour
 c - a +0 buckler (worn)
 u - a +0 cloak (worn)
   (You found it on level 4 of the Dungeon)
 v - a +0 scale mail of cold resistance (worn)
   (You took it off Edmund on level 4 of the Dungeon)
 A - a +0 pair of gloves (worn)
   (You found it on level 8 of the Dungeon)
Jewellery
 y - an amulet of reflection (around neck)
   (You took it off a gnoll on level 7 of the Dungeon)
 X - a ring of resist corrosion (left hand)
   (You found it on level 6 of the Dungeon)
Wands
 i - a wand of iceblast (5)
   (You found it on level 8 of the Dungeon)
 j - a wand of polymorph (16)
   (You found it on level 7 of the Dungeon)
 p - a wand of paralysis (8)
   (You took it off Ijyb on level 5 of the Dungeon)
 q - a wand of flame (4)
   (You took it off Natasha on level 2 of the Dungeon)
Scrolls
 b - a scroll of magic mapping {unknown}
 f - a scroll of poison {unknown}
 g - 2 scrolls of immolation {unknown}
 h - a scroll of fog {unknown}
 r - 2 scrolls of amnesia {unknown}
 t - a scroll of fear {unknown}
 w - 2 scrolls of enchant weapon {unknown}
 x - 2 scrolls of enchant armour {unknown}
 z - a scroll of noise {unknown}
 Y - 5 scrolls of teleportation {@r3}
Potions
 d - a potion of ambrosia {unknown}
 e - a potion of attraction {!q}
 k - a potion of haste {unknown}
 o - 2 potions of might
 J - 6 potions of curing {@q1}
 M - 4 potions of magic
 N - a potion of heal wounds {@q2}
 P - 2 potions of lignification {!q}
 R - a potion of resistance
 U - 2 potions of mutation {!q}


   Skills:
 * Level 14.2 Fighting
 - Level 6.2(8.4) Axes
 + Level 8.8(9.7) Maces & Flails
 - Level 3.6 Armour
 - Level 3.6 Shields
 - Level 5.0 Evocations


You had 9 spell levels left.
You didn't know any spells.
Your spell library contained the following spells:

 Spells                   Type           Power      Damage    Failure   Level
 Ensorcelled Hibernation  Hex/Ice        0%         N/A       94%         2
 Conjure Flame            Conj/Fire      0%         6-21      99%         3
 Ignite Poison            Fire/Tmut/Pois 0%         N/A       99%         3
 Spider Form              Tmut/Pois      0%         N/A       99%         3
 Anguish                  Hex/Necr       0%         N/A       100%        4
 Sticky Flame             Conj/Fire      0%         2d3       100%        4


Dungeon Overview and Level Annotations

Branches:
Dungeon (8/15)             Temple (1/1) D:7
   Lair: D:8-11

Altars:
Ashenzari
Cheibriados
Dithmenos
Elyvilon
Fedhas
Gozag
Hepliaklqana
Kikubaaqudgha
Makhleb
Nemelex Xobeh
Okawaru
Qazlal
Ru
Sif Muna
Trog
Uskayaw
Vehumet
Wu Jian
Xom
Yredelemnul
Zin
The Shining One
Lugonu

Shops:
D:2 !


Innate Abilities, Weirdness & Mutations

You have a pair of horns on your head.
You reflexively headbutt those who attack you in melee.


Message History

MASSIVE DAMAGE!!
You hit the boulder beetle.
Your weapon exudes an aura of protection.
The boulder beetle bites you but does no damage.
You hit the boulder beetle.
You headbutt the boulder beetle, but do no damage.
The boulder beetle leaps!
You start resting.
A boulder beetle is nearby!
The boulder beetle leaps!
The boulder beetle curls into a ball and begins rolling!
The boulder beetle hits you.
The boulder beetle stops rolling and uncurls.
You take 5 damage, and have 53/102 hp.
You hit the boulder beetle but do no damage.
Your weapon exudes an aura of protection.
You headbutt the boulder beetle, but do no damage.
You block the boulder beetle's attack.
You completely miss the boulder beetle. The boulder beetle bites you!
You take 7 damage, and have 47/102 hp.
You hit the boulder beetle.
You headbutt the boulder beetle, but do no damage.
The boulder beetle bites you but does no damage.
You completely miss the boulder beetle. You headbutt the boulder beetle!
The boulder beetle bites you but does no damage.
You hit the boulder beetle but do no damage.
You headbutt the boulder beetle, but do no damage.
The boulder beetle bites you!
You take 15 damage, and have 33/102 hp.
You hit the boulder beetle. The boulder beetle bites you.
* * * LOW HITPOINT WARNING * * *
You take 6 damage, and have 27/102 hp.
You hit the boulder beetle. You headbutt the boulder beetle.
You block the boulder beetle's attack.
You sock the boulder beetle!
You headbutt the boulder beetle, but do no damage.
The boulder beetle bites you.
* * * LOW HITPOINT WARNING * * *
You take 5 damage, and have 22/102 hp.
You hit the boulder beetle. You bludgeon the boulder beetle!!
You headbutt the boulder beetle!
You kill the boulder beetle!
Trog accepts your kill.
Your Fighting skill increases to level 14!
You see here a +0 club.
The death knight shouts!
Health restored: 103 The death knight offers itself to Yredelemnul, and fills with unholy energy.
You see here a +0 club.
What are your orders? t - Shout!
Orders for allies: a - Attack new target. r - Retreat! s - Stop attacking. g - Guard the area. f - Follow me.
Anything else - Cancel.
You shout for attention!
What are your orders? t - Shout!
Orders for allies: a - Attack new target. r - Retreat! s - Stop attacking. g - Guard the area. f - Follow me.
Anything else - Cancel.
Okay, then.
Here: a death knight, wielding a +3 battleaxe and wearing a +0 chain mail The floor.
Unknown command.
The floor.
The death knight offers itself to Yredelemnul, and fills with unholy energy.
The death knight's dark mirror aura disappears.
Okay, then.
Unknown command.
Here: a death knight, wielding a +3 battleaxe and wearing a +0 chain mail The floor.
Okay, then.
Unknown command.
Aim: a death knight, wielding a +3 battleaxe and wearing a +0 chain mail The mass of ice explodes!
The iceblast engulfs the death knight!
You hit the death knight but do no damage.
Your weapon exudes an aura of protection.
You headbutt the death knight, but do no damage.
The death knight hits you with a +3 battleaxe.
You take 6 damage, and have 97/103 hp.
You completely miss the death knight.
The death knight hits you with a +3 battleaxe!!
You take 23 damage, and have 74/103 hp.
MASSIVE DAMAGE!!
You hit the death knight. Your headbutt misses the death knight.
The death knight hits you with a +3 battleaxe!!
You take 26 damage, and have 48/103 hp.
MASSIVE DAMAGE!!
The death knight attacks as you move away!
You block the death knight's attack.
The death knight attacks as you move away!
You block the death knight's attack.
The death knight attacks as you move away!
The death knight hits you with a +3 battleaxe!
You take 16 damage, and have 34/103 hp.
The death knight attacks as you move away!
The death knight hits you with a +3 battleaxe!!!
You die...

....#..# #####
#)##.#####.# .......#
#.##....##.# .......##
#.#####.##.# .....#..#
#.### #.##.# .p..###.#
#...# #.##.# ....# #.#
###.# #.##.# ###.# #.#
##.###.##.# # #.# #.#
#########...##.##.# #
#.# #.#
#...p@..>.#....##.# #
#.# #.#
#.#######...#####.#
###.# #.####.# ##.##
#.# ....# #......#
#.######.### #####
########
#####..........# #
#######......#####.#.#
#
#...##...###.........#
#
#.#.........!.####...#
# #...##...###.##
#...#


You could see a death knight.

Vanquished Creatures
  A boulder beetle (D:8)
  Pikel (D:4)
  An ugly thing (D:8)
  Maurice (D:8)
  Joseph (D:8)
  Maggie (D:7)
  A wyvern (D:7)
  Eustachio (D:5)
  2 steam dragons
  Edmund (D:4)
  A water moccasin (D:7)
  A black bear (D:5)
  An ice beast (D:5)
  A sky beast (D:8)
  2 orc warriors (D:8)
  4 lemures (D:4)
  2 phantoms
  A gnoll sergeant (D:8)
  A kobold brigand (D:6)
  Blork the orc (D:5)
  A bullfrog (D:6)
  A necrophage (D:2)
  3 wights (D:6)
  6 killer bees
  5 howler monkeys
  3 jellies (D:7)
  3 orc priests
  A gnoll shaman (D:7)
  4 hounds
  7 iguanas
  Ijyb (D:5)
  Natasha (thrice) (D:2)
  An orc wizard (D:8)
  Robin (D:2)
  10 gnolls
  10 adders
  A white imp (D:8)
  3 ufetubi
  3 worms
  2 dart slugs
  25 orcs
  6 bats
  6 endoplasms
  6 giant cockroaches
  16 goblins
  10 hobgoblins
  7 jackals
  5 quokkas
  5 ball pythons
  5 frilled lizards
  9 kobolds
  4 rats
199 creatures vanquished.

Vanquished Creatures (collateral kills)
  2 ogre zombies (D:6)
  An orc zombie (D:6)
3 creatures vanquished.

Vanquished Creatures (others)
  2 demonic plants (D:2)
  2 plants (D:3)
4 creatures vanquished.

Grand Total: 206 creatures vanquished

Notes
Turn   | Place    | Note
-------+----------+-------------------------------------------
     0 | D:1      | swappor the Minotaur Fighter began the quest for the Orb.
     0 | D:1      | Reached XP level 1. HP: 19/19 MP: 0/0
   513 | D:1      | Reached skill level 4 in Fighting
   658 | D:1      | Reached skill level 3 in Axes
   658 | D:1      | Reached XP level 2. HP: 27/27 MP: 1/1
   956 | D:2      | Reached XP level 3. HP: 28/34 MP: 2/2
  1283 | D:2      | Noticed Robin
  1306 | D:2      | swappor: ??club
  1306 | D:2      | beem: club[1/3]: (maces & flails; +3 acc / 5 dam / 1.3 base
                  | delay / 0.6 min delay). A heavy piece of wood. Bad.
  1311 | D:2      | Killed Robin
  1317 | D:2      | Reached skill level 4 in Axes
  1491 | D:2      | Noticed a necrophage
  1511 | D:2      | Killed a necrophage
  1512 | D:2      | Reached skill level 5 in Fighting
  1512 | D:2      | Reached XP level 4. HP: 42/42 MP: 3/3
  1608 | D:2      | Noticed Natasha
  1616 | D:2      | Killed Natasha
  1617 | D:2      | Reached XP level 5. HP: 45/49 MP: 2/4
  1720 | D:2      | Found Vapiwuzo's Distillery.
  1780 | D:2      | Noticed a balrug
  1781 | D:2      | Found a faded altar of an unknown god.
  1954 | D:2      | Noticed Natasha
  1957 | D:2      | Killed Natasha
  1958 | D:2      | Reached skill level 5 in Axes
  1970 | D:2      | Noticed Natasha
  1982 | D:2      | HP: 11/50 [Natasha/puff of flame (3)]
  1985 | D:2      | Killed Natasha
  2395 | D:3      | Reached skill level 6 in Fighting
  3124 | D:3      | Reached XP level 6. HP: 57/57 MP: 5/5
  3388 | D:4      | Reached skill level 1 in Evocations
  3615 | D:4      | Noticed Pikel
  3685 | D:4      | Noticed Edmund
  3697 | D:4      | Killed Edmund
  3698 | D:4      | Reached skill level 6 in Axes
  3834 | D:4      | Killed Pikel
  3835 | D:4      | Reached skill level 8 in Fighting
  3835 | D:4      | Reached skill level 2 in Maces & Flails
  3835 | D:4      | Reached skill level 2 in Evocations
  3835 | D:4      | Reached XP level 7. HP: 39/68 MP: 3/6
  4008 | D:4      | Found a blossoming altar of Fedhas.
  4020 | D:4      | Found a hide-covered altar of Uskayaw.
  4156 | D:4      | Reached skill level 3 in Maces & Flails
  4350 | D:4      | Reached skill level 3 in Evocations
  4350 | D:4      | Reached XP level 8. HP: 71/75 MP: 7/7
  4588 | D:5      | Entered Level 5 of the Dungeon
  4594 | D:5      | Noticed Ijyb
  4624 | D:5      | Paralysed by Ijyb for 5 turns
  4633 | D:5      | Killed Ijyb
  4928 | D:5      | Reached skill level 9 in Fighting
  4977 | D:5      | Noticed Blork the orc
  4997 | D:5      | Killed Blork the orc
  5181 | D:5      | Noticed Eustachio
  5193 | D:5      | Killed Eustachio
  5194 | D:5      | Reached skill level 4 in Maces & Flails
  5267 | D:5      | Found a snail-covered altar of Cheibriados.
  5268 | D:5      | Found a sparkling altar of Nemelex Xobeh.
  5270 | D:5      | Found a white marble altar of Elyvilon.
  5274 | D:5      | Found a glowing silver altar of Zin.
  5274 | D:5      | Found an ornate altar of the Wu Jian Council.
  5274 | D:5      | Found a stormy altar of Qazlal.
  5274 | D:5      | Found an opulent altar of Gozag.
  5276 | D:5      | Found a sacrificial altar of Ru.
  5277 | D:5      | Found a broken altar of Ashenzari.
  5278 | D:5      | Found a hazy altar of Hepliaklqana.
  6067 | D:6      | Found a transporter.
  6086 | D:6      | Reached skill level 4 in Evocations
  6100 | D:6      | Reached skill level 10 in Fighting
  6124 | D:6      | Reached skill level 5 in Maces & Flails
  6371 | D:6      | Found a transporter.
  6677 | D:6      | Found a basalt altar of Yredelemnul.
  6677 | D:6      | Found a shimmering blue altar of Sif Muna.
  6788 | D:6      | Reached XP level 9. HP: 86/86 MP: 8/8
  7468 | D:7      | Reached skill level 11 in Fighting
  7677 | D:7      | Reached skill level 6 in Maces & Flails
  7680 | D:7      | Reached skill level 5 in Evocations
  7747 | D:7      | Found a staircase to the Ecumenical Temple.
  7881 | D:7      | Noticed Maggie
  7919 | D:7      | Killed Maggie
  8173 | D:7      | Found a shimmering altar of Xom.
  8173 | D:7      | Found a glowing golden altar of the Shining One.
  8349 | Temple   | Entered the Ecumenical Temple
  8391 | Temple   | Became a worshipper of Trog the Wrathful
  8450 | D:8      | Reached skill level 12 in Fighting
  8488 | D:8      | Reached skill level 7 in Maces & Flails
  8953 | D:8      | Noticed Joseph
  8967 | D:8      | Killed Joseph
  9138 | D:8      | Reached XP level 10. HP: 87/100 MP: 9/9
  9138 | D:8      | Noticed Maurice
  9149 | D:7      | Reached skill level 13 in Fighting
  9386 | D:8      | Reached * piety under Trog
  9418 | D:8      | Reached skill level 8 in Maces & Flails
  9803 | D:8      | Paralysed by something for 5 turns
  9809 | D:8      | Found a runed translucent door.
  9809 | D:8      | Noticed a red ugly thing
  9809 | D:8      | Noticed a fire dragon
  9809 | D:8      | Noticed a boulder beetle
  9812 | D:8      | Paralysed by something for 6 turns
  9818 | D:8      | Killed Maurice
  9937 | D:8      | Noticed a death knight
  9937 | D:8      | Noticed a boulder beetle
  9937 | D:8      | Noticed a four-headed hydra
  9937 | D:8      | Identified the +9 whip of Nightmares {drain, *Noise rElec
                  | rCorr}
  9937 | D:8      | Noticed a tengu warrior
 10025 | D:8      | Killed a red ugly thing
 10116 | D:8      | HP: 22/102 [boulder beetle (6)]
 10118 | D:8      | Killed a boulder beetle
 10119 | D:8      | Reached skill level 14 in Fighting
 10486 | D:8      | Slain by a death knight

Illustrated notes

Levels and vault maps discovered:
D:1:      minmay_arrival_radiant_lines, layout_basic
D:2:      layout_rooms, dreamdust_ecumenical_altar_sealed_demon, serial_curves,
          eino_curves_04, eino_curves_01, eino_curves_01, serial_shops,
          nicolae_shop_behind_doors, uniq_robin, uniq_natasha
D:3:      layout_loops_cross, serial_forest, infiniplex_forest_lined_3_way,
          infiniplex_forest_pool, infiniplex_forest_diagonal,
          infiniplex_forest_clump_small, infiniplex_forest_straight_4,
          infiniplex_forest_straight_2, infiniplex_forest_end_1,
          infiniplex_forest_lined_3
D:4:      layout_basic, jmf_multi_god_temple, uniq_edmund, uniq_pikel
D:5:      layout_basic, minitemple, minmay_fountain_box, uniq_blork_the_orc,
          uniq_eustachio, uniq_ijyb
D:6:      gammafunk_cloud_chamber, layout_loops_cross,
          gammafunk_temple_overflow_statue
D:7:      layout_cave_pools, gammafunk_temple_overflow_pools, temple_fountains,
          uniq_maggie
D:8:      minmay_gate_of_8, layout_loops_ring, uniq_joseph, uniq_maurice
Temple:   corrupted_temple

Skill      XL: |  1  2  3  4  5  6  7  8  9 10 |
---------------+-------------------------------+-----
Fighting       | 4 5 6 8 10 12 14 | 14.2
Axes           | 3 4 5 6 |  6.2
Evocations     | 2 3 4 5 |  5.0
Maces & Flails | 2 3 5 7 8 |  8.8
Armour         | |  3.6
Shields        | |  3.6

Action                   |  1- 3 |  4- 6 |  7- 9 | 10-12 || total
-------------------------+-------+-------+-------+-------++-------
Melee: War axe           |    79 |   129 |       |       ||   208
       Headbutt          |     9 |    15 |    40 |    14 ||    78
       Flail             |       |     8 |   246 |    54 ||   308
Evoke: Wand              |       |       |       |     1 ||     1
  Use: Potion            |       |     1 |       |       ||     1
       Scroll            |       |       |    11 |     1 ||    12
Armor: Scale mail        |     3 |    38 |    99 |    17 ||   157
       Ring mail         |    18 |     3 |       |       ||    21
Dodge: Dodged            |    32 |    57 |    90 |    17 ||   196
Block: Buckler           |    17 |    20 |    51 |    15 ||   103
       Reflection        |       |       |       |     1 ||     1

Table legend: (Time is in decaauts)
 A = Elapsed time spent in this place.
 B = Non-inter-level travel time spent in this place.
 C = Inter-level travel time spent in this place.
 D = Time resting spent in this place.
 E = Time spent auto-exploring this place.
 F = Levels seen in this place.
 G = Mean time per level.
                   A        B        C        D        E       F      G
               +--------+--------+--------+--------+--------+-----+--------+
         Total |  10592 |  10124 |    468 |    442 |   7081 |   9 | 1176.9 |
       Dungeon |  10534 |  10081 |    453 |    442 |   7056 |   8 | 1316.8 |
        Temple |     58 |     43 |     15 |      0 |     25 |   1 |   58.0 |
               +--------+--------+--------+--------+--------+-----+--------+

Top non-repeatable levels by time:
     D:8: 2041 daAuts
     D:2: 1522 daAuts
     D:4: 1444 daAuts
     D:5: 1406 daAuts
     D:6: 1393 daAuts
     D:7: 999 daAuts
     D:3: 878 daAuts
     D:1: 847 daAuts
  Temple: 58 daAuts

Table legend:
 A = Kills in this place as a percentage of kills in entire the game.
 B = Kills by you in this place as a percentage of kills by you in the entire game.
 C = Kills by friends in this place as a percentage of kills by friends in the entire game.
 D = Other kills in this place as a percentage of other kills in the entire game.
 E = Experience gained in this place as a percentage of experience gained in the entire game.
 F = Experience gained in this place divided by the number of levels of this place that you have seen.
                   A       B       C       D       E      F
               +-------+-------+-------+-------+-------+----------------------
         Total | 100.0 | 100.0 | 100.0 |   N/A | 100.0 | 890.9
       Dungeon | 100.0 | 100.0 | 100.0 |   N/A | 100.0 | 1002.2
               +-------+-------+-------+-------+-------+----------------------
